Map: Port Aleksander LE

Players

Nerchio

  • Race: Zerg Zerg
  • League: Grandmaster
  • Spawn Location: 11:00

GunGFuBanDa - Winner!

  • Race: Protoss Protoss
  • League: Master
  • Spawn Location: 5:00

Event: 2019 WCS Winter Europe

VOD

Have the link to the VOD?

Description

Time

  • Played on: Feb. 7, 2019, 9:35 a.m.
  • Length: 11:10

All games in this series

Show
View Real Time Build Order
Export as new Build Order

Nerchio Zerg 

Build Orders: Hatch First, Roach Hydra 

Get SALT Encoding   

  12  0:00  Drone  
  13  0:12  Overlord  
  13  0:17  Drone  
  14  0:30  Drone x2  
  16  0:49  Hatchery  
  15  0:53  Drone  
  16  0:57  Drone  
  16  1:00  Drone  
  18  1:23  Spawning Pool  
  18  1:25  Drone  
  18  1:27  Extractor  
  18  1:28  Drone  
  18  1:33  Drone  
  18  1:38  Drone  
  20  1:50  Overlord  
  20  2:00  Drone  
  21  2:09  Queen  
  21  2:10  Queen  
  21  2:13  Zergling x2  
  26  2:16  Zergling x2  
  26  2:21  Drone  
  28  2:23  Drone  
  28  2:29  Metabolic Boost  
  29  2:32  Drone  
  29  2:35  Drone  
  31  2:38  Drone  
  32  2:55  Hatchery, Drone  
  32  2:59  Overlord  
  32  3:05  Queen  
  32  3:10  Drone x2  
  36  3:17  Drone  
  36  3:18  Drone x2  
  39  3:20  Drone  
  39  3:21  Drone  
  39  3:24  Drone  
  42  3:31  Drone  
  42  3:32  Drone  
  42  3:33  Overlord  
  44  3:47  Lair  
  44  3:51  Queen, Drone x4  
  44  3:52  Drone  
  51  3:59  Extractor  
  51  4:01  Roach Warren  
  49  4:04  Drone x3  
  49  4:07  Overlord  
  52  4:12  Extractor  
  50  4:18  Drone x3  
  50  4:19  Overlord, Drone  
  50  4:23  Overlord  
  54  4:32  Spore Crawler x2, Queen  
  54  4:37  Spore Crawler  
  54  4:43  Roach x4  
  54  4:44  Roach  
  64  4:48  Spore Crawler  
  64  4:51  Spore Crawler  
  62  4:53  Glial Reconstitution  
  65  5:00  Roach x2  
  67  5:15  Drone  
  67  5:16  Drone x11  
  79  5:23  Overlord x2  
  76  5:45  Drone x9  
  76  5:49  Evolution Chamber  
  81  5:52  Extractor  
  81  5:55  Hydralisk Den, Drone x3  
  81  5:56  Drone x2  
  84  5:58  Extractor  
  84  5:59  Drone x2  
  85  6:07  Drone x4  
  85  6:09  Extractor  
  87  6:13  Overlord  
  87  6:18  Overlord x2  
  87  6:26  Roach x5  
  87  6:29  Overlord x2  
  94  6:48  Hatchery  
  93  6:54  Zergling x22  
  93  6:55  Zergling x4  
  93  6:58  Pneumatized Carapace  
  93  6:59  Overseer  
  106  7:07  Queen  
  108  7:25  Grooved Spines  
  108  7:31  Infestation Pit  
  106  7:37  Hydralisk  
  106  7:38  Hydralisk x10  
  106  7:41  Hydralisk x2  
  132  7:48  Zerg Missile Weapons Level 1  
  131  7:57  Drone x6  
  137  8:04  Baneling Nest  
  137  8:05  Overlord x3  
  133  8:29  Hydralisk  
  133  8:30  Hydralisk x8  
  151  8:36  Muscular Augments  
  150  8:42  Overseer  
  150  8:52  Hatchery  
  144  9:07  Centrifical Hooks  
  142  9:14  Hatchery  
  141  9:22  Hatchery  
  140  9:27  Overlord x2  
  140  9:28  Overseer  
  140  9:31  Hive  
  140  9:33  Spire  
  140  9:36  Drone  
  140  9:37  Drone x6  
  146  9:49  Drone x8  
  154  10:03  Overlord  
  154  10:04  Overlord  
  154  10:08  Evolution Chamber, Drone x4  
  157  10:16  Extractor  
  156  10:25  Baneling x13  
  156  10:34  Zergling x18  
  163  10:43  Zergling x10  
  163  10:51  Zergling x10  
Show
View Real Time Build Order
Export as new Build Order

GunGFuBanDa Protoss - Winner!

Build Orders: 1 Gate Expand, Oracle Opening, Phoenix Opening, Archon Immortal 

Get SALT Encoding   

  12  0:00  Probe  
  13  0:12  Probe  
  14  0:20  Pylon  
  14  0:24  Probe  
  15  0:34  Probe  
  15  0:40  Gateway  
  16  0:42  Probe  
  17  0:51  Assimilator  
  17  0:52  Probe  
  18  1:05  Probe  
  18  1:06  Pylon  
  19  1:17  Probe  
  20  1:29  Nexus  
  20  1:38  Cybernetics Core  
  20  1:39  Probe  
  21  1:47  Probe  
  21  1:51  Assimilator  
  22  1:57  Probe  
  22  1:58  Pylon  
  23  2:07  Adept  
  23  2:16  Probe  
  26  2:26  Stargate  
  26  2:28  Probe  
  27  2:35  Warp Gate  
  27  2:40  Probe, Adept  
  27  2:41  Probe  
  31  2:48  Probe  
  31  2:53  Probe  
  31  2:58  Probe  
  33  3:03  Phoenix  
  33  3:05  Probe  
  35  3:09  Adept  
  35  3:10  Probe  
  40  3:17  Probe  
  41  3:22  Probe, Pylon  
  42  3:29  Probe  
  42  3:30  Oracle  
  46  3:34  Gateway  
  46  3:43  Probe  
  46  3:46  Probe  
  48  3:51  Probe  
  48  3:54  Gateway  
  48  3:55  Gateway  
  49  3:58  Probe  
  49  4:01  Probe  
  50  4:07  Oracle  
  54  4:14  Pylon  
  54  4:25  Pylon  
  54  4:26  Nexus  
  54  4:32  Probe x2  
  56  4:40  Probe x2  
  56  4:42  Adept x2  
  62  4:46  Assimilator  
  62  4:47  Assimilator  
  62  4:48  Probe  
  62  4:50  Probe  
  63  4:53  Adept  
  63  4:54  Sentry  
  63  4:56  Pylon  
  63  4:57  Pylon  
  63  4:59  Probe  
  68  5:03  Robotics Facility  
  69  5:10  Probe  
  70  5:15  Probe  
  70  5:20  Forge, Probe  
  71  5:21  Twilight Council  
  70  5:38  Stalker x2, Sentry  
  70  5:39  Zealot  
  70  5:41  Protoss Ground Weapons Level 1  
  72  5:44  Probe  
  72  5:45  Probe  
  72  5:48  Probe  
  71  5:51  Immortal, Shield Battery  
  71  5:52  Probe  
  71  5:54  Probe  
  76  6:00  Probe  
  76  6:02  Probe x2, Pylon  
  78  6:07  Charge  
  78  6:11  Gateway  
  80  6:13  Gateway  
  80  6:18  Probe  
  80  6:19  Probe x2  
  80  6:21  Assimilator, Pylon  
  80  6:25  Gateway, Templar Archives, Warp Prism  
  85  6:41  Probe  
  85  6:42  Probe  
  87  6:47  Probe  
  87  6:54  Probe x2  
  90  6:55  Assimilator  
  90  7:01  Psionic Storm, Observer  
  90  7:02  Pylon x2  
  90  7:05  High Templar  
  90  7:07  Zealot x4  
  101  7:13  Immortal  
  101  7:21  Pylon  
  101  7:22  Protoss Ground Weapons Level 2  
  101  7:23  High Templar  
  101  7:24  Gateway  
  101  7:25  Pylon  
  101  7:29  Gateway  
  107  7:35  Zealot, Gateway  
  107  7:36  Zealot, Gateway  
  111  7:37  Zealot  
  113  7:45  High Templar  
  113  7:46  Immortal  
  115  7:57  Zealot x3  
  115  7:58  Zealot x2  
  129  8:02  Probe  
  130  8:14  Nexus  
  125  8:25  Immortal  
  119  8:31  Zealot x2  
  119  8:32  Zealot x5  
  137  8:44  Zealot x2, Sentry  
  143  8:57  Immortal  
  131  9:09  High Templar x5  
  141  9:10  Zealot x2, High Templar  
  141  9:11  Zealot  
  141  9:16  Archon  
  141  9:17  Photon Cannon x2, Archon x2  
  149  9:19  Pylon  
  149  9:22  Photon Cannon, Pylon  
  149  9:31  Pylon  
  149  9:34  Warp Prism  
  149  9:36  Photon Cannon  
  149  9:37  Probe  
  152  9:46  Nexus  
  152  9:47  Pylon  
  152  9:49  High Templar x2  
  152  9:50  High Templar  
  158  9:53  Zealot x3, High Templar x2  
  158  9:57  Pylon  
  158  9:58  Archon  
  168  10:06  Pylon  
  168  10:08  Pylon  
  168  10:09  Photon Cannon  
  168  10:11  Photon Cannon  
  168  10:12  Shield Battery  
  168  10:24  Zealot x5  
  168  10:25  Zealot  
  172  10:46  Zealot x7  
Tags
 
Add a new tag
Caveats
  • Supply blocks, unpowered buildings, or Contaminate may cause inaccurate times.
  • Supply counts are checked every 10 seconds.